 Dungeon Crawl Stone Soup version 0.28-a0-479-g5baa6b73be (webtiles) character file.

Game seed: 13036901717449778081

16622 Squid the Protected (level 12, 0/103 HPs)
             Began as a Minotaur Berserker on Sept 16, 2021.
             Was a High Priest of Trog.
             Slain by a +5 long sword (9 damage)
             ... on level 13 of the Dungeon on Sept 17, 2021.
             The game lasted 00:30:35 (14020 turns).

Squid the Protected (Minotaur Berserker)           Turns: 14020, Time: 00:30:35

Health: 0/103      AC: 20    Str: 27    XL:     12   Next: 11%
Magic:  13/21      EV:  8    Int:  7    God:    Trog [*****.]
Gold:   667        SH:  6    Dex: 12    Spells: 11/11 levels left

rFire   + . .      SeeInvis .   t - +9 trident "ETAOIN SHRDLU" {vorpal, Str+2}
rCold   + . .      Faith    .   p - +3 warlock's mirror {reflect}
rNeg    . . .      Spirit   .   i - +0 plate armour
rPois   +          Reflect  +   w - +3 hat of Pondering {ponderous, Will+ MP+10 Int+5}
rElec   +          Harm     .   (no cloak)
rCorr   +          Rampage  .   (no gloves)
Will    +....                   z - +0 pair of boots
Stlth   ..........              (no amulet)
HPRegen 0.27/turn               k - ring of resist corrosion
MPRegen 0.17/turn               o - ring of poison resistance

@: resistant, on berserk cooldown, hasted and slowed, slow
A: horns 2, retaliatory headbutt, dopey 1, MP-powered wands
a: Renounce Religion, Berserk, Trog's Hand, Brothers in Arms


You were on level 13 of the Dungeon.
You worshipped Trog.
Trog was extremely pleased with you.
You visited 2 branches of the dungeon, and saw 13 of its levels.

You collected 667 gold pieces.

Inventory:

Hand Weapons
 t - the +9 trident "ETAOIN SHRDLU" (weapon) {vorpal, Str+2}
   (You found it on level 6 of the Dungeon)

   It inflicts extra damage upon your enemies.
   Str:       It affects your strength (+2).
 x - a +5 morningstar
Missiles
 b - 149 stones
 e - 18 poisoned darts
Armour
 i - a +0 plate armour (worn)
 p - the +3 warlock's mirror (worn) {reflect}
   (You found it on level 4 of the Dungeon)

   It can block and reflect piercing ranged attacks and magical attacks against
   the wielder's willpower.
 w - the +3 hat of Pondering (worn) {ponderous, Will+ MP+10 Int+5}
   (You found it on level 7 of the Dungeon)

   Int:       It affects your intelligence (+5).
   MP:        It affects your magic capacity (+10).
   Will:      It increases your willpower.
 z - a +0 pair of boots (worn)
 A - a +0 kite shield
Jewellery
 k - a ring of resist corrosion (left hand)
 o - a ring of poison resistance (right hand)
 u - a ring of ice
Wands
 c - a wand of polymorph (13)
 f - a wand of iceblast (9)
 q - a wand of flame (9) (quivered)
Scrolls
 l - 3 scrolls of magic mapping
 s - 5 scrolls of identify
 y - a scroll of teleportation
 B - a scroll of enchant armour
Potions
 a - a potion of cancellation
 h - a potion of invisibility
 j - 2 potions of magic {unknown}
 m - a potion of lignification {unknown}
 n - a potion of ambrosia
 r - 2 potions of flight
 v - 7 potions of curing


   Skills:
 + Level 8.9 Fighting
 - Level 5.9 Maces & Flails
 + Level 11.2 Polearms
 - Level 11.9 Throwing
 + Level 12.0 Armour
 - Level 2.1 Dodging


You had 11 spell levels left.
You didn't know any spells.
Your spell library was empty.

Dungeon Overview and Level Annotations

Branches:
Dungeon (13/15)            Temple (1/1) D:5             Orc (0/2) D:12
   Lair: D:8-11      Vaults: D:13-14

Altars:
Ashenzari
Dithmenos
Elyvilon
Fedhas
Gozag
Kikubaaqudgha
Makhleb
Nemelex Xobeh
Okawaru
Qazlal
Ru
Sif Muna
Trog
Uskayaw
Vehumet
Wu Jian
Xom
Yredelemnul
Zin
The Shining One
Beogh

Shops:
D:4 *   D:6 =   D:8 *


Innate Abilities, Weirdness & Mutations

You have a pair of horns on your head.
You reflexively headbutt those who attack you in melee.
You are dopey. (Int -2)
You expend magic power (3 MP) to strengthen your wands.


Message History

The deep elf pyromancer gestures at you while chanting.
The bolt of fire hits the +6 long sword.
The +6 long sword resists.
The +6 long sword falls from the air.
The bolt of fire hits you!
Your Armour skill increases to level 12!
The +5 long sword hits you but does no damage.
The two-headed ogre barely misses you.
The two-headed ogre hits you but does no damage.
The +5 long sword barely misses you. You furiously retaliate!
You headbutt the +5 long sword, but do no damage.
You see here a +6 long sword.
The +5 long sword hits you! The +5 long sword hits you.
You feel a surge of power!
The puff of flame hits the +5 long sword but does no damage.
The +5 long sword hits you but does no damage. x2
You feel a surge of power!
The puff of flame misses the +5 long sword.
The puff of flame hits the two-headed ogre!
The two-headed ogre is lightly wounded.
The +5 long sword hits you! You block the +5 long sword's attack.
You are too injured to fight recklessly!
You are too injured to fight recklessly!
You feel yourself speed up. The +5 long sword hits you.
The +5 long sword completely misses you.
The +5 long sword hits you. You block the +5 long sword's attack.
The +5 long sword closely misses you. You furiously retaliate!
You headbutt the +5 long sword. The +5 long sword barely misses you.
The +5 long sword hits you!
* * * LOW HITPOINT WARNING * * *
The +5 long sword hits you but does no damage.
There is an open door here.
The +5 long sword hits you!
* * * LOW HITPOINT WARNING * * *
The +5 long sword hits you!
* * * LOW HITPOINT WARNING * * *
You feel protected. The +5 long sword hits you!
You die...

....##########
....'.........
....########## #'### #..#
##.## ####+#### #^.#
#.......# ###.####
#.......### .
.......####.....@(O.# ..
.......#..+[......#c# ...
.......#.##.......#.## ....
.......#.##.......#c.# .....
.........######'####e#......
.......#.## ##..# #.)......
###.####.†###..## ###......
#.. #.......## #...#. ##
#.##'##.# ..##


You could see a two-headed ogre, a centaur and a +5 long sword.

Vanquished Creatures
  4 two-headed ogres
  Pikel (D:6)
  2 ugly things (D:12)
  A salamander (shapeshifter) (D:12)
  A manticore (D:13)
  Maurice (D:11)
  2 gargoyles
  3 komodo dragons
  2 trolls
  Prince Ribbit (D:6)
  3 slime creatures (D:12)
  A shadow (D:11)
  16 yaks
  A basilisk (D:13)
  Eustachio (D:5)
  A steam dragon (D:7)
  Edmund (D:5)
  3 water moccasins
  A black bear (shapeshifter) (D:13)
  3 ice beasts (D:6)
  A black bear (D:4)
  7 orc warriors
  An ogre (D:5)
  5 necrophages
  4 centaurs
  A phantom (D:6)
  3 scorpions
  A gnoll sergeant (D:11)
  A water moccasin zombie (D:5)
  A wyvern skeleton (D:6)
  A water moccasin skeleton (D:5)
  14 killer bees
  4 wights (D:7)
  2 electric eels (D:6)
  4 howler monkeys
  4 centaur zombies
  3 hounds (D:6)
  8 orc priests
  Crazy Yiuf (D:3)
  6 iguanas
  A jelly (D:7)
  2 bullfrog skeletons
  2 centaur skeletons
  Natasha (thrice) (D:3)
  5 orc wizards
  Robin (D:3)
  5 gnolls
  5 adders
  3 worms
  A dart slug (D:1)
  52 orcs
  10 endoplasms
  2 giant cockroaches
  10 goblins
  13 hobgoblins
  9 kobolds
  8 quokkas
  9 ball pythons
  6 bats
  5 frilled lizards
  4 rats
277 creatures vanquished.

Vanquished Creatures (others)
  A dancing weapon (D:13)
  A gnoll (D:11)
  14 plants (D:6)
16 creatures vanquished.

Grand Total: 293 creatures vanquished

Notes
Turn   | Place    | Note
-------+----------+-------------------------------------------
     0 | D:1      | Squid the Minotaur Berserker began the quest for the Orb.
     0 | D:1      | Reached XP level 1. HP: 19/19 MP: 0/0
   338 | D:1      | Reached XP level 2. HP: 27/27 MP: 1/1
   619 | D:1      | Found a faded altar of an unknown god.
   728 | D:1      | Gained mutation: You are dopey. (Int -2) [potion of
                  | mutation]
   728 | D:1      | Gained mutation: You expend magic power (3 MP) to
                  | strengthen your wands. [potion of mutation]
   749 | D:1      | Upgraded the game from 0.28-a0-476-g0f06bd746f to
                  | 0.28-a0-479-g5baa6b73be
   930 | D:1      | Reached ** piety under Trog
   935 | D:1      | Reached XP level 3. HP: 32/33 MP: 2/2
  1016 | D:1      | Reached skill level 1 in Throwing
  1553 | D:2      | Reached skill level 3 in Armour
  1665 | D:2      | Reached XP level 4. HP: 40/40 MP: 3/3
  1946 | D:3      | Noticed Robin
  1957 | D:3      | Killed Robin
  1976 | D:3      | Reached *** piety under Trog
  2052 | D:3      | Noticed Natasha
  2056 | D:3      | Killed Natasha
  2057 | D:3      | Reached XP level 5. HP: 46/46 MP: 4/4
  2253 | D:3      | Found a runed translucent door.
  2254 | D:3      | Noticed Crazy Yiuf
  2262 | D:3      | Killed Crazy Yiuf
  2779 | D:3      | Noticed Natasha
  2781 | D:3      | Killed Natasha
  2880 | D:3      | Noticed Natasha
  2890 | D:3      | Killed Natasha
  2992 | D:4      | Reached XP level 6. HP: 51/53 MP: 5/5
  3001 | D:4      | Reached skill level 4 in Armour
  3507 | D:4      | Found Luhogedgh's Overcharged Wands.
  3514 | D:4      | Reached skill level 5 in Throwing
  3585 | D:4      | Noticed an orc warrior
  3593 | D:4      | Killed an orc warrior
  3594 | D:4      | Reached XP level 7. HP: 43/60 MP: 6/6
  3594 | D:4      | Found a bloodstained altar of Trog.
  3690 | D:4      | Found a shimmering blue altar of Sif Muna.
  3791 | D:4      | Found the +3 warlock's mirror {reflect}
  4158 | D:5      | Entered Level 5 of the Dungeon
  4222 | D:5      | Reached skill level 5 in Armour
  4252 | D:5      | Found a staircase to the Ecumenical Temple.
  4276 | Temple   | Entered the Ecumenical Temple
  4503 | D:5      | Reached XP level 8. HP: 67/67 MP: 7/7
  4520 | D:5      | Noticed Eustachio
  4527 | D:5      | Killed Eustachio
  4558 | D:5      | Noticed Edmund
  4581 | D:5      | HP: 5/100 [Edmund (2)]
  4582 | D:5      | Killed Edmund
  4584 | D:5      | HP: 2/100 [poisoned by Edmund]
  5090 | D:5      | Found a sacrificial altar of Ru.
  5117 | D:5      | Found a shimmering altar of Xom.
  5170 | D:5      | Found a basalt altar of Yredelemnul.
  5298 | D:6      | Reached **** piety under Trog
  5299 | D:6      | Reached skill level 5 in Maces & Flails
  5559 | D:6      | Reached skill level 6 in Armour
  6166 | D:6      | Reached skill level 5 in Fighting
  6270 | D:6      | Reached XP level 9. HP: 74/74 MP: 8/8
  6278 | D:6      | Noticed Prince Ribbit
  6293 | D:6      | Killed Prince Ribbit
  6731 | D:6      | Identified the +9 trident "ETAOIN SHRDLU" {vorpal, Str+2}
  6817 | D:6      | Found a hide-covered altar of Uskayaw.
  6817 | D:6      | Noticed a +0 spear
  6817 | D:6      | Noticed a +0 short sword
  6817 | D:6      | Noticed a +0 dagger
  6819 | D:6      | Noticed a +0 dagger
  6820 | D:6      | Noticed a +0 spear
  6820 | D:6      | Noticed a +0 falchion
  6820 | D:6      | Noticed a +0 short sword
  6821 | D:6      | Noticed a +0 falchion
  6849 | D:6      | Found Loal's Jewellery Shop.
  6923 | D:6      | Found a glowing silver altar of Zin.
  6941 | D:6      | Noticed Pikel
  6951 | D:6      | Killed Pikel
  6952 | D:6      | Reached skill level 10 in Throwing
  6952 | D:6      | Reached skill level 7 in Armour
  7267 | D:7      | Noticed a troll
  7275 | D:7      | Killed a troll
  7354 | D:7      | Found the +3 hat of Pondering {ponderous, Will+ MP+10
                  | Int+5}
  7361 | D:7      | Found an opulent altar of Gozag.
  8042 | D:7      | Found a glowing golden altar of the Shining One.
  8045 | D:7      | Found a stormy altar of Qazlal.
  8054 | D:7      | Reached skill level 8 in Armour
  8345 | D:7      | Reached XP level 10. HP: 73/83 MP: 9/9
  8910 | D:8      | Reached skill level 5 in Polearms
  9142 | D:8      | Reached skill level 9 in Armour
  9277 | D:8      | Found Veplypp's Changing Room.
  9281 | D:8      | You fall into a shaft and drop 2 floors!
  9281 | D:10     | Entered Level 10 of the Dungeon
  9423 | D:10     | Noticed a gargoyle
  9435 | D:10     | Killed a gargoyle
 10015 | D:10     | Noticed a two-headed ogre
 10023 | D:10     | Killed a two-headed ogre
 10024 | D:10     | Reached XP level 11. HP: 91/91 MP: 10/10
 10379 | D:10     | Reached ***** piety under Trog
 10529 | D:10     | Found a broken altar of Ashenzari.
 11179 | D:11     | Noticed Maurice
 11212 | D:11     | Killed Maurice
 11582 | D:11     | Noticed a two-headed ogre
 11589 | D:11     | Killed a two-headed ogre
 11590 | D:11     | Reached skill level 10 in Armour
 11792 | D:11     | Noticed a two-headed ogre
 11801 | D:11     | Killed a two-headed ogre
 12050 | D:12     | Noticed a red ugly thing
 12062 | D:12     | Killed a red ugly thing
 12241 | D:12     | Noticed a green ugly thing
 12248 | D:12     | Killed a green ugly thing
 12456 | D:12     | Reached skill level 11 in Armour
 12640 | D:12     | Reached skill level 10 in Polearms
 13345 | D:12     | Found a staircase to the Orcish Mines.
 13989 | D:13     | Noticed a two-headed ogre
 13989 | D:13     | Noticed a +5 long sword
 13990 | D:13     | Noticed a +6 long sword
 13995 | D:13     | Noticed a two-headed ogre
 13995 | D:13     | Noticed a deep elf pyromancer
 13999 | D:13     | Killed a two-headed ogre
 14000 | D:13     | Reached XP level 12. HP: 103/103 MP: 11/11
 14008 | D:13     | Reached skill level 12 in Armour
 14020 | D:13     | Slain by a +5 long sword

Illustrated notes

Levels and vault maps discovered:
D:1:      lemuel_arrival_rhombus, layout_basic, ebering_ecumenical_altar_webs,
          minmay_domino_2
D:2:      layout_rooms, chequers_arboretum
D:3:      layout_loops_ring, uniq_natasha, uniq_crazy_yiuf_cottage, uniq_robin
D:4:      layout_basic, nzn_overflow_gifts_of_might_and_magic,
          nicolae_shop_overcharged_wands
D:5:      layout_rooms, mainiacjoe_overflow_two_lobes, marbit_many_paths,
          minmay_temple_entry_arrows, kennysheep_generic_room_15, uniq_edmund,
          uniq_eustachio
D:6:      minmay_chambers_of_threes, layout_loops_ring, zin_academy,
          nicolae_uskayaw_en_pointe, serial_shops, shop, serial_bayou_lake_a,
          uniq_prince_ribbit1, uniq_pikel
D:7:      layout_gridville, nicolae_overflow_hidden_temple, minmay_starry_boxes
D:8:      layout_layer_cave, kennysheep_mini, nicolae_transmutations_shop
D:10:     layout_basic, lemuel_doored_altar, nicolae_straight_to_the_point
D:11:     layout_gridville, special_room [special_room_orc], uniq_maurice
D:12:     layout_stronghold, hiddenorc1_lemuel
D:13:     layout_roguey, erik_vaults_1, minmay_misc_feat_room, uniq_erolcha,
          uniq_josephine
Temple:   nicolae_temple_figure_zero

Skill      XL: |  1  2  3  4  5  6  7  8  9 10 11 12 |
---------------+-------------------------------------+-----
Maces & Flails | 4 5 |  5.9
Fighting       | 4 5 6 8 |  8.9
Throwing       | 2 3 4 5 7 9 10 11 | 11.9
Armour         | 3 4 5 6 8 9 11 12 | 12.0
Polearms       | 4 8 11 | 11.2
Dodging        | |  2.1

Action                   |  1- 3 |  4- 6 |  7- 9 | 10-12 || total
-------------------------+-------+-------+-------+-------++-------
Melee: Mace              |    13 |     3 |    10 |       ||    26
       Headbutt          |     4 |     1 |    19 |    55 ||    79
       Flail             |     7 |    16 |    51 |       ||    74
       Trident           |       |       |    35 |   218 ||   253
Throw: Stone             |    32 |       |       |   241 ||   273
       Dart              |    72 |       |       |       ||    72
       Boomerang         |    52 |   108 |   181 |    18 ||   359
Invok: Berserk           |       |     1 |     4 |    12 ||    17
       Trog's Hand       |       |     1 |     2 |     4 ||     7
Evoke: Wand              |       |       |       |     9 ||     9
  Use: Scroll            |     2 |     4 |     9 |     6 ||    21
       Potion            |     1 |     5 |     5 |     5 ||    16
Armor: Ring mail         |    35 |    24 |       |       ||    59
       Plate armour      |       |       |    92 |   223 ||   315
Dodge: Dodged            |    43 |    35 |    50 |   125 ||   253
Block: Buckler           |       |       |    50 |   109 ||   159
       Reflection        |       |       |     1 |     5 ||     6

Table legend: (Time is in decaauts)
 A = Elapsed time spent in this place.
 B = Non-inter-level travel time spent in this place.
 C = Inter-level travel time spent in this place.
 D = Time resting spent in this place.
 E = Time spent auto-exploring this place.
 F = Levels seen in this place.
 G = Mean time per level.
                   A        B        C        D        E       F      G
               +--------+--------+--------+--------+--------+-----+--------+
         Total |  14468 |  14211 |    257 |   2853 |   9187 |  13 | 1112.9 |
       Dungeon |  14344 |  14096 |    248 |   2853 |   9074 |  12 | 1195.3 |
        Temple |    123 |    114 |      9 |      0 |    113 |   1 |  123.0 |
               +--------+--------+--------+--------+--------+-----+--------+

Top non-repeatable levels by time:
     D:6: 2075 daAuts
    D:12: 1821 daAuts
     D:7: 1674 daAuts
    D:10: 1542 daAuts
     D:1: 1377 daAuts
    D:11: 1355 daAuts
     D:4: 1230 daAuts
     D:3: 1069 daAuts
     D:5: 958 daAuts
     D:2: 509 daAuts
     D:8: 441 daAuts
    D:13: 287 daAuts
  Temple: 123 daAuts
